 Dungeon Crawl Stone Soup version 0.21.1-1-g345015f (webtiles) character file.

184 Fang the Chopper (level 5, -17/49 HPs)
             Began as a Gargoyle Berserker on May 16, 2018.
             Was a Believer of Trog.
             Demolished by Menkaure (19 damage)
             ... on level 4 of the Dungeon.
             The game lasted 00:03:36 (2334 turns).

Fang the Chopper (Gargoyle Berserker)               Turns: 2334, Time: 00:03:36

Health: -17/49     AC:  6    Str: 26    XL:     5   Next: 64%
Magic:  5/5        EV: 12    Int:  8    God:    Trog [**....]
Gold:   171        SH:  2    Dex:  9    Spells: 4/4 levels left

rFire    x . .     SeeInvis .   a - +1 hand axe
rCold    + . .     Gourm    .   (no shield)
rNeg     + . .     Faith    .   b - +0 animal skin
rPois    ∞         Spirit   .   (no helmet)
rElec    +         Reflect  +   (no cloak)
rCorr    .         Harm     .   (no gloves)
MR       .....                  (no boots)
Stlth    ..........             f - +2 amulet of reflection
HPRegen  0.16/turn              p - ring of ice
MPRegen  0.09/turn              (no ring)

@: berserking (expiring), very quick
A: negative energy resistance 1, electricity resistance, unbreathing,
petrification resistance, rot immunity, AC +4
a: Berserk, Trog's Hand, Burn Spellbooks, Renounce Religion


You were on level 4 of the Dungeon.
You worshipped Trog.
Trog was pleased with you.
You were near starving.

You visited 1 branch of the dungeon, and saw 4 of its levels.

You collected 171 gold pieces.

Inventory:

Hand Weapons
 a - a +1 hand axe (weapon)
Armour
 b - a +0 animal skin (worn)
Jewellery
 f - a +2 amulet of reflection (around neck)
 p - a ring of ice (left hand)
Wands
 s - a wand of paralysis (13)
Scrolls
 i - 2 scrolls of remove curse
 k - 2 scrolls of teleportation
 l - 3 scrolls of identify
Potions
 e - a potion of flight
 g - 2 potions of ambrosia
 j - a potion of agility
Comestibles
 c - 5 rations


   Skills:
 + Level 4.0 Fighting
 + Level 4.3 Axes
 + Level 2.3 Armour
 + Level 2.8 Dodging
 + Level 0.3 Stealth


You had 4 spell levels left.
You didn't know any spells.

Dungeon Overview and Level Annotations

Branches:
Dungeon (4/15)
 Temple: D:4-7

Altars:

Annotations:
D:4 Menkaure


Innate Abilities, Weirdness & Mutations

You are resistant to torment.
Your stone body is resilient. (AC +4)
You are immune to poison.
You resist negative energy. (rN+)
You are resistant to electric shocks. (rElec)
You can survive without breathing.
You are immune to petrification.
You are immune to rotting.


Message History

You are too injured to fight recklessly!
You are too injured to fight recklessly!
You are too injured to fight recklessly!
You are too injured to fight recklessly!
You are too injured to fight recklessly!
You are too injured to fight recklessly!
You are too injured to fight recklessly!
You are too injured to fight recklessly!
You are too injured to fight recklessly!
You are too injured to fight recklessly!
You barely miss Menkaure.
Menkaure is heavily damaged.
Menkaure hits you!!
* * * LOW HITPOINT WARNING * * *
You slash Menkaure!
Menkaure is almost destroyed.
You hit Menkaure.
Menkaure is almost destroyed.
Menkaure hits you!!
You die...

#.# ######.#
#....#.# ##....#.#
#.....#.# #..M..#.#
#..@# #.#
#...###.### ...
#.........# ....
#.........# ##....
#.........###......
###...........)....
#.....†.###<..##
#######........#
#.#......#


You could see Menkaure.

Vanquished Creatures
  Jessica (D:3)
  4 gnolls (D:2)
  4 adders
  5 worms
  A dart slug (D:1)
  A leopard gecko (D:2)
  2 orcs (D:3)
  3 giant cockroaches
  6 goblins
  9 hobgoblins
  5 jackals (D:3)
  6 kobolds
  2 quokkas (D:2)
  2 ball pythons
  7 bats
  A frilled lizard (D:3)
  6 rats
65 creatures vanquished.

Notes
Turn   | Place    | Note
-------+----------+-------------------------------------------
     0 | D:1      | Fang the Gargoyle Berserker began the quest for the Orb.
     0 | D:1      | Reached XP level 1. HP: 14/14 MP: 1/1
   101 | D:1      | Reached XP level 2. HP: 17/19 MP: 2/2
   820 | D:2      | Reached XP level 3. HP: 21/23 MP: 3/3
   905 | D:2      | Reached XP level 4. HP: 29/29 MP: 4/4
   906 | D:2      | Reached ** piety under Trog
  1757 | D:3      | Reached XP level 5. HP: 23/33 MP: 5/5
  2109 | D:3      | Noticed Jessica
  2122 | D:3      | Killed Jessica
  2324 | D:4      | Noticed Menkaure
  2332 | D:4      | HP: 2/49 [Menkaure (20)]
  2334 | D:4      | Demolished by Menkaure

Skill      XL: |  1  2  3  4  5 |
---------------+----------------+-----
Axes           | 3 4 |  4.3
Dodging        | 2 |  2.8
Fighting       | 4 |  4.0
Armour         | |  2.3
Stealth        | |  0.3

Action                   |  1- 3 |  4- 6 || total
-------------------------+-------+-------++-------
Melee: Hand axe          |    81 |   148 ||   229
Invok: Berserk           |     1 |     2 ||     3
  Use: Scroll            |       |    12 ||    12
  Eat: Chunk             |       |     6 ||     6
Armor: Animal skin       |    34 |    34 ||    68
Dodge: Dodged            |    59 |    91 ||   150
Block: Other             |       |    12 ||    12
